 Dungeon Crawl Stone Soup version 0.28.0-47-ge53b351184 (webtiles) character file.

Game seed: 9981662342423410256

134 Peloso the Covered (level 4, 0/41 HPs)
             Began as a Minotaur Fighter on May 1, 2022.
             Slain by a gnoll
             ... wielding a +0 spear
              (2 damage)
             ... on level 3 of the Dungeon.
             The game lasted 00:02:19 (1938 turns).

Peloso the Covered (Minotaur Fighter)               Turns: 1938, Time: 00:02:19

Health: 0/41       AC:  7    Str: 21    XL:     4   Next: 95%
Magic:  3/3        EV:  9    Int:  5    God:
Gold:   87         SH:  4    Dex: 11    Spells: 3/3 levels left

rFire   . . .      SeeInvis .   a - +0 long sword
rCold   . . .      Faith    .   c - +0 buckler
rNeg    . . .      Spirit   .   b - +0 scale mail
rPois   .          Reflect  .   (helmet restricted)
rElec   .          Harm     .   (no cloak)
rCorr   .          Rampage  .   (no gloves)
Will    .....                   (no boots)
Stlth   ..........              (no amulet)
HPRegen 0.13/turn               (no ring)
MPRegen 0.08/turn               (no ring)

@: no status effects
A: horns 2, retaliatory headbutt
a: no special abilities


You were on level 3 of the Dungeon.
You visited 1 branch of the dungeon, and saw 3 of its levels.

You collected 87 gold pieces.

Inventory:

Hand Weapons
 a - a +0 long sword (weapon)
Armour
 b - a +0 scale mail (worn)
 c - a +0 buckler (worn)
Scrolls
 f - 2 scrolls of immolation {unknown}
 g - a scroll of silence {unknown}
 h - 4 scrolls of identify {unknown}
 j - a scroll of summoning {unknown}
 k - a scroll of enchant weapon {unknown}
Potions
 d - 2 potions of might
 e - a potion of resistance {unknown}
 i - a potion of cancellation {unknown}


   Skills:
 + Level 4.3 Fighting
 + Level 3.8 Long Blades
 + Level 5.0 Armour
 + Level 0.9 Dodging
 + Level 0.1 Stealth
 + Level 4.1 Shields


You had 3 spell levels left.
You didn't know any spells.
Your spell library contained the following spells:

 Spells                   Type           Power      Damage    Failure   Level
 Summon Forest            Summ/Tloc      0%         N/A       100%        5
 Eringya's Noxious Bog    Tmut/Pois      0%         N/A       100%        6
 Summon Hydra             Summ           0%         N/A       100%        7


Dungeon Overview and Level Annotations

Branches:
Dungeon (3/15)

Altars:


Innate Abilities, Weirdness & Mutations

You have a pair of horns on your head.
You reflexively headbutt those who attack you in melee.


Message History

The gnoll is heavily wounded.
The gnoll closely misses you.
A kobold comes into view. It is wielding a +0 short sword.
You slash the gnoll! Your headbutt misses the gnoll.
The gnoll is severely wounded.
The gnoll closely misses you. The gnoll barely misses you.
You block the gnoll's attack.
You hit the gnoll.
The gnoll is almost dead.
The gnoll hits you but does no damage. x2; You block the gnoll's attack.
The gnoll closely misses you.
The gnoll hits you from afar with a +0 spear.
You closely miss the gnoll.
The gnoll is almost dead.
The gnoll hits you with a +0 club. The gnoll barely misses you.
The gnoll hits you from afar with a +0 spear.
You hit the gnoll but do no damage.
The gnoll is almost dead.
The gnoll hits you but does no damage. The gnoll barely misses you.
The gnoll hits you but does no damage. You block the gnoll's attack.
You slash the gnoll!
You kill the gnoll!
The gnoll throws a throwing net.
The throwing net hits you.
You become entangled in the net!
The gnoll hits you but does no damage.
The gnoll hits you from afar with a +0 spear!
Your Armour skill increases to level 5!
You tear a large gash into the net.
The gnoll hits you from afar with a +0 spear.
The orc hits you but does no damage.
The gnoll hits you from afar with a +0 spear!
* * * LOW HITPOINT WARNING * * *
You struggle against the net.
The gnoll hits you from afar with a +0 spear.
* * * LOW HITPOINT WARNING * * *
The orc hits you but does no damage.
The gnoll hits you from afar with a +0 spear.
* * * LOW HITPOINT WARNING * * *
You rip the net and break free!
The gnoll hits you from afar with a +0 spear.
You die...

# ....# #.
...#...♣.♣.♣.♣# #.
...#..........#
..>..
..........####
.♣.♣#♣........#
#..
g.g..........###..
♣o♣#♣.........##.♣
#@##..........#...
#.##.............♣
#.##..............
#...............##
#............#.##.
#...........##.##.
#........#####.##)
#......#.......##)
#......####.....#.


You could see 2 gnolls and an orc.

Vanquished Creatures
  Natasha (twice) (D:3)
  2 adders (D:2)
  A gnoll (D:3)
  A worm (D:2)
  3 dart slugs (D:1)
  4 orcs (D:3)
  4 endoplasms
  2 giant cockroaches (D:2)
  3 goblins
  A hobgoblin (D:1)
  5 jackals
  2 kobolds
  2 quokkas
  3 ball pythons
  2 bats
  6 rats
43 creatures vanquished.

Vanquished Creatures (others)
  4 plants
4 creatures vanquished.

Grand Total: 47 creatures vanquished

Notes
Turn   | Place    | Note
-------+----------+-------------------------------------------
     0 | D:1      | Peloso the Minotaur Fighter began the quest for the Orb.
     0 | D:1      | Reached XP level 1. HP: 19/19 MP: 0/0
    86 | D:1      | Reached skill level 4 in Armour
   104 | D:1      | Reached XP level 2. HP: 27/27 MP: 1/1
   107 | D:1      | Found a faded altar of an unknown god.
   265 | D:1      | You fall into a shaft and drop 1 floor!
   343 | D:2      | Reached XP level 3. HP: 27/33 MP: 2/2
  1670 | D:3      | Noticed Natasha
  1679 | D:3      | Killed Natasha
  1680 | D:3      | Reached XP level 4. HP: 29/40 MP: 3/3
  1782 | D:3      | Noticed Natasha
  1793 | D:3      | Killed Natasha
  1936 | D:3      | Reached skill level 5 in Armour
  1937 | D:3      | HP: 2/41 [gnoll/+0 spear (2)]
  1938 | D:3      | Slain by a gnoll

Illustrated notes

Levels and vault maps discovered:
D:1:      minmay_arrival_radiant_lines, layout_basic,
          dreamdust_ecumenical_altar_grove
D:2:      layout_basic
D:3:      layout_rooms, zin_scriptorium, chei_slow_surprise, serial_forest,
          infiniplex_forest_lined_2, infiniplex_forest_clump_large,
          infiniplex_forest_straight_1, infiniplex_forest_straight_2,
          infiniplex_forest_lined_1, infiniplex_forest_end_2,
          infiniplex_forest_clump_tiny, infiniplex_forest_lined_room_2,
          infiniplex_forest_lined_room_2, minivault_4, uniq_natasha

Skill      XL: |  1  2  3  4 |
---------------+-------------+-----
Armour         | 4 5 |  5.0
Fighting       | 4 |  4.3
Long Blades    | 3 |  3.8
Shields        | 4 |  4.1
Dodging        | |  0.9
Stealth        | |  0.1

Action                   |  1- 3 |  4- 6 || total
-------------------------+-------+-------++-------
Melee: Long sword        |    66 |    30 ||    96
       Headbutt          |    14 |     3 ||    17
Armor: Scale mail        |    31 |    18 ||    49
Dodge: Dodged            |    35 |    18 ||    53
Block: Buckler           |    10 |     6 ||    16
